 Dungeon Crawl Stone Soup version 0.29-a0-816-g82769f0e0c (webtiles) character file.

Game seed: 17029750220679184428

9 Morbidden the Ducker (level 2, 22/22 HPs)
             Began as a Demonspawn Gladiator on July 5, 2022.
             Quit the game on level 1 of the Dungeon.
             The game lasted 00:00:14 (301 turns).

Morbidden the Ducker (Demonspawn Gladiator)          Turns: 301, Time: 00:00:15

Health: 22/22      AC:  4    Str: 14    XL:     2   Next: 3%
Magic:  2/2        EV: 12    Int:  9    God:
Gold:   21         SH:  0    Dex: 14    Spells: 1/1 levels left

rFire   . . .      SeeInvis .   a - +0 long sword
rCold   . . .      Faith    .   (no shield)
rNeg    . . .      Spirit   .   b - +0 leather armour
rPois   .          Reflect  .   c - +0 helmet
rElec   .          Harm     .   (no cloak)
rCorr   .          Rampage  .   (no gloves)
Will    .....                   (no boots)
Stlth   +.........              (no amulet)
HPRegen 0.07/turn               (no ring)
MPRegen 0.08/turn               (no ring)

@: no status effects
A: demonic guardian 1
a: no special abilities


You were on level 1 of the Dungeon.
You visited 1 branch of the dungeon, and saw 1 of its levels.

You collected 21 gold pieces.

Inventory:

Hand Weapons
 a - a +0 long sword (weapon)
Missiles
 d - 3 throwing nets (quivered)
 e - a javelin
Armour
 b - a +0 leather armour (worn)
 c - a +0 helmet (worn)
Scrolls
 f - a scroll of identify {unknown}
Potions
 g - 2 potions of curing {unknown}
 h - a potion of haste {unknown}


   Skills:
 + Level 2.0 Fighting
 + Level 2.9 Long Blades
 + Level 1.8 Throwing
 + Level 3.0 Dodging


You had one spell level left.
You didn't know any spells.
Your spell library was empty.

Dungeon Overview and Level Annotations

Branches:
Dungeon (1/15)

Altars:


Innate Abilities, Weirdness & Mutations

A weak demonic guardian rushes to your aid.


Message History

You slash the bat!
You kill the bat!
Unknown command.
No target in view!
You now have 21 gold pieces (gained 4).
You open the door.
There is an open door here.
h - a glowing red potion Key pressed, stopping explore.
No target in view!
No target in view!
A hobgoblin comes into view.
The hobgoblin shouts!
A hobgoblin is nearby!
You closely miss the hobgoblin. The hobgoblin hits you.
A hobgoblin is nearby!
You completely miss the hobgoblin. The hobgoblin barely misses you.
A hobgoblin is nearby!
You slash the hobgoblin!
You kill the hobgoblin!
Your Dodging skill increases to level 3!
You see here a hobgoblin corpse.
Found a stone staircase leading down.
No target in view!
A ball python comes into view.
A ball python is nearby!
The ball python closely misses you. x2
A ball python is nearby!
You hit the ball python but do no damage.
The ball python bites you but does no damage.
The ball python grabs you. The ball python constricts you.
The ball python barely misses you. The ball python constricts you.
A ball python is nearby!
You slash the ball python!
You kill the ball python!
You have reached level 2!
Your demonic ancestry asserts itself...
You feel the presence of a demonic guardian.
No target in view!
Are you sure you want to abandon this character and quit the game? (Confirm with "yes".)

.≈≈P#...#.# #.#.# #...
.≈≈≈#.#.#.# #.#.# ######...
.≈≈≈#.#...######.#.######........
..≈.#....>.......................
≈≈.≈#............#.#...##........
###'#............#.#.#.##.....##†
#...#.#........#.#.#.#..#.....##.
#.#.#.....######.#.#.##.#.....#..
#.#.#####.# #@#.#.##.......#.. #
#.......# #†#.#.###......#..
#######.# #.#.#.# #.######.. ....
#.# #.# #.# #.. ##.### #.# #.##
#.. #.. #.# #..# #.. ### #.#
##.## #.. #.# ####..####..
#...........


There were no monsters in sight!

Vanquished Creatures
  A ball python (D:1)
  2 bats (D:1)
  An endoplasm (D:1)
  2 goblins (D:1)
  A hobgoblin (D:1)
  A rat (D:1)
8 creatures vanquished.

Notes
Turn   | Place    | Note
-------+----------+-------------------------------------------
     0 | D:1      | Morbidden the Demonspawn Gladiator began the quest for the
                  | Orb.
     0 | D:1      | Reached XP level 1. HP: 16/16 MP: 1/1
   246 | D:1      | Reached skill level 3 in Dodging
   301 | D:1      | Gained mutation: A weak demonic guardian rushes to your
                  | aid. [demonic ancestry]
   301 | D:1      | Reached XP level 2. HP: 22/22 MP: 2/2
   301 | D:1      | Quit the game

Illustrated notes

Levels and vault maps discovered:
D:1:      lightli_arrival_flooded_house, layout_basic, serial_bayou_pond_b

Skill      XL: |  1 |
---------------+----+-----
Dodging        | 3 |  3.0
Fighting       | |  2.0
Long Blades    | |  2.9
Throwing       | |  1.8

Action                   || total
-------------------------++-------
Melee: Long sword        ||    16
       Punch             ||     1
Armor: Leather armour    ||     8
Dodge: Dodged            ||    19

Table legend: (Time is in decaauts)
 A = Elapsed time spent in this place.
 B = Non-inter-level travel time spent in this place.
 C = Inter-level travel time spent in this place.
 D = Time resting spent in this place.
 E = Time spent auto-exploring this place.
 F = Levels seen in this place.
 G = Mean time per level.
                   A        B        C        D        E       F      G
               +--------+--------+--------+--------+--------+-----+--------+
         Total |    305 |    305 |      0 |      0 |    248 |   1 |  305.0 |
       Dungeon |    305 |    305 |      0 |      0 |    248 |   1 |  305.0 |
               +--------+--------+--------+--------+--------+-----+--------+

Top non-repeatable levels by time:
     D:1: 305 daAuts
